 Dungeon Crawl Stone Soup version 0.23.2-30-g0e89c35649 (webtiles) character file.

Game seed: 1554937178625728784

594 manyhoops the Thaumaturge (level 7, -1/51 HPs)
             Began as a Gnoll Wanderer on June 22, 2019.
             Slain by Edmund
             ... wielding a +2 dire flail of crushing
              (12 damage)
             ... on level 5 of the Dungeon.
             The game lasted 00:06:48 (3812 turns).

manyhoops the Thaumaturge (Gnoll Wanderer)          Turns: 3812, Time: 00:06:49

Health: -1/51      AC:  5    Str: 16    XL:     7   Next: 39%
Magic:  20/20      EV: 15    Int: 15    God:
Gold:   312        SH:  0    Dex: 14    Spells: 19/25 levels left

rFire    . . .     SeeInvis .   s - +0 trident
rCold    . . .     Gourm    .   (no shield)
rNeg     + . .     Faith    .   t - +0 leather armour
rPois    .         Spirit   .   (no helmet)
rElec    .         Reflect  .   e - +0 cloak
rCorr    .         Harm     .   (no gloves)
MR       .....                  n - +0 pair of boots
Stlth    ++........             (no amulet)
HPRegen  0.17/turn              q - ring of positive energy
MPRegen  0.17/turn              (no ring)

@: no status effects
A: distributed training, fangs 1, talons 1, repulsion field 1, screaming 1,
sturdy frame 1, strong nose
a: no special abilities


You were on level 5 of the Dungeon.
You were not hungry.

You visited 1 branch of the dungeon, and saw 5 of its levels.

You collected 312 gold pieces.

Inventory:

Hand Weapons
 s - a +0 trident (weapon)
Missiles
 m - 3 javelins (quivered)
Armour
 e - a +0 cloak (worn)
 k - a scarf of resistance
 n - a +0 pair of boots (worn)
 t - a +0 leather armour (worn)
Jewellery
 q - a ring of positive energy (left hand)
Wands
 c - a wand of random effects (15)
 g - a wand of polymorph (8)
Scrolls
 a - 2 scrolls of magic mapping {unknown}
 b - a scroll of fog
 d - a scroll of teleportation {unknown}
 i - a scroll of blinking {unknown}
 j - 3 scrolls of remove curse
 o - a scroll of immolation {unknown}
 r - a scroll of enchant armour {unknown}
 u - a scroll of identify
 v - a scroll of fear {unknown}
Potions
 h - a potion of magic
 l - a potion of curing {unknown}
 p - a potion of invisibility {unknown}
Comestibles
 f - 13 rations
 w - 4 chunks of flesh


   Skills:
 + Level 2.4 Fighting
 + Level 2.4 Short Blades
 + Level 2.4 Long Blades
 + Level 2.4 Axes
 + Level 2.4 Maces & Flails
 + Level 2.4 Polearms
 + Level 5.2 Staves
 + Level 2.4 Slings
 + Level 2.4 Bows
 + Level 2.4 Crossbows
 + Level 3.5 Throwing
 + Level 2.4 Armour
 + Level 3.5 Dodging
 + Level 2.4 Stealth
 + Level 2.4 Shields
 + Level 2.4 Unarmed Combat
 + Level 9.6 Spellcasting
 + Level 2.9 Conjurations
 + Level 2.0 Hexes
 + Level 2.0 Charms
 + Level 2.0 Summonings
 + Level 2.0 Necromancy
 + Level 2.0 Translocations
 + Level 2.0 Transmutations
 + Level 2.0 Fire Magic
 + Level 2.0 Ice Magic
 + Level 2.0 Air Magic
 + Level 2.0 Earth Magic
 + Level 2.0 Poison Magic
 + Level 2.6 Invocations
 + Level 3.5 Evocations


You had 19 spell levels left.
You knew the following spells:

 Your Spells              Type           Power        Failure   Level  Hunger
a - Magic Dart            Conj           ###.         3%          1    None
b - Searing Ray           Conj           ###...       4%          2    None
c - Dazzling Spray        Conj/Hex       ##....       12%         3    #......

Your spell library contained the following spells:

 Spells                   Type           Power        Failure   Level  Hunger
 Iskenderun's Mystic Bla  Conj           ###.....     30%         4    ###....
 Force Lance              Conj/Tloc      ##......     36%         4    ###....
 Fulminant Prism          Conj/Hex       ##........   36%         4    ###....


Dungeon Overview and Level Annotations

Branches:
Dungeon (5/15)
 Temple: D:4-7

Altars:
Ru
The Shining One

Annotations:
D:5 Edmund


Innate Abilities, Weirdness & Mutations

Your experience applies equally to all skills.
You have very sharp teeth.
Your uncanny sense of smell can sniff out nearby items.
You have sharp toenails.
You are surrounded by a mild repulsion field. (EV +2)
You occasionally shout uncontrollably at your foes.
Your movements are slightly less encumbered by armour. (ER -2)


Message History

Aiming: Searing Ray (safe; 4% risk of failure)
Press: ? - help, Shift-Dir - straight line, f - Edmund
Aim: Edmund, wielding a +2 dire flail of crushing and wearing a +0 chain mail (lightly wounded)
The searing ray hits the orc.
The orc is heavily wounded. (Press . to maintain the ray.)
The orc misses you.
The searing ray hits the orc but does no damage.
The orc is heavily wounded.
The orc closely misses you.
The searing ray hits the orc.
You kill the orc!
The searing ray misses Edmund.
The searing ray hits the orc wizard!
The orc wizard is severely wounded.
You finish channeling your searing ray.
Edmund hits you with a +2 dire flail of crushing!
* * * LOW HITPOINT WARNING * * *
x2 It was a potion of magic.
Magic courses through your body.
Edmund hits you with a +2 dire flail of crushing!
You die...

#. ######### # ##.
######........ ... #...
...##.#.##.##
.....#######.##.##.##.#.##.#
....oo.@...#.##......)..##.#
##.#o#####@#.#####.##.####.#
#.#.#####.##......#
#o#.......#########
#o@@.###### ####.# #.# #.#
#.# #.# #.# #.#


You could see Edmund, an orc wizard and an orc.

Vanquished Creatures
  An ogre (D:5)
  A water moccasin skeleton (D:4)
  A bullfrog skeleton (D:5)
  An orc priest (D:4)
  3 hounds
  2 worker ants
  7 gnolls
  A howler monkey skeleton (D:5)
  6 adders
  A river rat (D:5)
  An adder zombie (D:4)
  A worm (D:3)
  3 dart slugs
  2 leopard geckos
  18 orcs
  3 ball pythons
  10 giant cockroaches
  4 goblins
  6 hobgoblins
  11 jackals
  2 quokkas
  4 bats
  8 frilled lizards
  8 kobolds
  A quokka skeleton (D:4)
  4 rats
110 creatures vanquished.

Notes
Turn   | Place    | Note
-------+----------+-------------------------------------------
     0 | D:1      | Reached skill level 9 in Spellcasting
     0 | D:1      | manyhoops the Gnoll Wanderer began the quest for the Orb.
     0 | D:1      | manyhoops set off with the following items: a +0 spear, a
                  | wand of random effects (15), a +0 robe, a ration; and the
                  | following spell memorised: Magic Dart; and the following
                  | spells available to memorise: Searing Ray, Dazzling Spray,
                  | Iskenderun's Mystic Blast, Force Lance, Fulminant Prism
     0 | D:1      | Reached XP level 1. HP: 13/13 MP: 10/10
    97 | D:1      | Reached XP level 2. HP: 19/19 MP: 12/12
   543 | D:2      | Reached XP level 3. HP: 25/25 MP: 13/13
   918 | D:2      | Reached skill level 1 in Invocations
  1026 | D:2      | Found a sacrificial altar of Ru.
  1034 | D:2      | Reached skill level 1 in Fighting
  1034 | D:2      | Reached skill level 1 in Short Blades
  1034 | D:2      | Reached skill level 1 in Long Blades
  1034 | D:2      | Reached skill level 1 in Axes
  1034 | D:2      | Reached skill level 1 in Maces & Flails
  1034 | D:2      | Reached skill level 1 in Polearms
  1034 | D:2      | Reached skill level 1 in Slings
  1034 | D:2      | Reached skill level 1 in Bows
  1034 | D:2      | Reached skill level 1 in Crossbows
  1034 | D:2      | Reached skill level 1 in Armour
  1034 | D:2      | Reached skill level 1 in Stealth
  1034 | D:2      | Reached skill level 1 in Shields
  1034 | D:2      | Reached skill level 1 in Unarmed Combat
  1398 | D:2      | Reached XP level 4. HP: 32/32 MP: 15/15
  1525 | D:3      | Learned a level 2 spell: Searing Ray
  1529 | D:3      | Learned a level 3 spell: Dazzling Spray
  1652 | D:3      | Reached skill level 1 in Hexes
  1652 | D:3      | Reached skill level 1 in Charms
  1652 | D:3      | Reached skill level 1 in Summonings
  1652 | D:3      | Reached skill level 1 in Necromancy
  1652 | D:3      | Reached skill level 1 in Translocations
  1652 | D:3      | Reached skill level 1 in Transmutations
  1652 | D:3      | Reached skill level 1 in Fire Magic
  1652 | D:3      | Reached skill level 1 in Ice Magic
  1652 | D:3      | Reached skill level 1 in Air Magic
  1652 | D:3      | Reached skill level 1 in Earth Magic
  1652 | D:3      | Reached skill level 1 in Poison Magic
  1773 | D:3      | Reached XP level 5. HP: 24/37 MP: 7/16
  2656 | D:4      | Gained mutation: You have sharp toenails. [potion of
                  | mutation]
  2656 | D:4      | Gained mutation: You occasionally shout uncontrollably at
                  | your foes. [potion of mutation]
  2656 | D:4      | Gained mutation: Your movements are slightly less
                  | encumbered by armour. (ER -2) [potion of mutation]
  2656 | D:4      | Gained mutation: You are surrounded by a mild repulsion
                  | field. (EV +2) [potion of mutation]
  2680 | D:4      | Reached XP level 6. HP: 16/44 MP: 18/18
  3389 | D:4      | Found a glowing golden altar of the Shining One.
  3449 | D:4      | Reached skill level 5 in Staves
  3569 | D:5      | Entered Level 5 of the Dungeon
  3633 | D:5      | Reached XP level 7. HP: 26/50 MP: 20/20
  3790 | D:5      | Noticed Edmund
  3812 | D:5      | Slain by Edmund

Skill      XL: |  1  2  3  4  5  6  7 |
---------------+----------------------+-----
Spellcasting   | |  9.6
Conjurations   | 2 |  2.9
Invocations    | 1 2 |  2.6
Fighting       | 1 2 |  2.4
Short Blades   | 1 2 |  2.4
Long Blades    | 1 2 |  2.4
Axes           | 1 2 |  2.4
Maces & Flails | 1 2 |  2.4
Polearms       | 1 2 |  2.4
Slings         | 1 2 |  2.4
Bows           | 1 2 |  2.4
Crossbows      | 1 2 |  2.4
Armour         | 1 2 |  2.4
Stealth        | 1 2 |  2.4
Shields        | 1 2 |  2.4
Unarmed Combat | 1 2 |  2.4
Hexes          | 1 2 |  2.0
Charms         | 1 2 |  2.0
Summonings     | 1 2 |  2.0
Necromancy     | 1 2 |  2.0
Translocations | 1 2 |  2.0
Transmutations | 1 2 |  2.0
Fire Magic     | 1 2 |  2.0
Ice Magic      | 1 2 |  2.0
Air Magic      | 1 2 |  2.0
Earth Magic    | 1 2 |  2.0
Poison Magic   | 1 2 |  2.0
Throwing       | 3 |  3.5
Dodging        | 3 |  3.5
Evocations     | 3 |  3.5
Staves         | 5 |  5.2

Action                   |  1- 3 |  4- 6 |  7- 9 || total
-------------------------+-------+-------+-------++-------
Melee: Spear             |   121 |    68 |       ||   189
       Bite              |     6 |    18 |       ||    24
       Trident           |       |   156 |    13 ||   169
       Punch             |       |     3 |       ||     3
 Cast: Searing Ray       |       |     8 |     5 ||    13
       Magic Dart        |       |     7 |       ||     7
  Use: Scroll            |     2 |     1 |       ||     3
       Potion            |       |     2 |     1 ||     3
 Stab: Sleeping          |     4 |     6 |       ||    10
  Eat: Chunk             |     1 |     4 |       ||     5
       Ration            |       |     1 |     1 ||     2
Armor: Robe              |    21 |     7 |       ||    28
       Leather armour    |       |    50 |     2 ||    52
Dodge: Dodged            |    74 |   189 |    20 ||   283
